 Dungeon Crawl Stone Soup version 0.28-a0-94-g325244837d (webtiles) character file.

Game seed: 10697816067146211562

4 Leeroy the Changer (level 1, -1/15 HPs)
             Began as a Merfolk Transmuter on Aug 7, 2021.
             Slain by a jackal (3 damage)
             ... on level 1 of the Dungeon.
             The game lasted 00:00:48 (123 turns).

Leeroy the Changer (Merfolk Transmuter)              Turns: 123, Time: 00:00:49

Health: -1/15      AC:  2    Str: 10    XL:     1   Next: 70%
Magic:  2/3        EV: 15    Int: 12    God:
Gold:   0          SH:  0    Dex: 14    Spells: 3/4 levels left

rFire   . . .      SeeInvis .     - Unarmed
rCold   . . .      Faith    .   (no shield)
rNeg    . . .      Spirit   .   a - +0 robe
rPois   .          Reflect  .   (helmet currently unavailable)
rElec   .          Harm     .   (no cloak)
rCorr   .          Rampage  .   (no gloves)
Will    .....                   (boots currently unavailable)
Stlth   ++........              (no amulet)
HPRegen 0.05/turn               (no ring)
MPRegen 0.08/turn               (no ring)

@: appendages (expiring), very quick
A: horns 2, nimble swimmer 2, mertail
a: End Transformation


You were on level 1 of the Dungeon.
You had temporarily grown beastly horns.
You visited 1 branch of the dungeon, and saw 1 of its levels.

Inventory:

Armour
 a - a +0 robe (worn)


   Skills:
 - Level 1.1 Fighting
 - Level 2.6 Dodging
 - Level 3.2 Unarmed Combat
 - Level 2.0 Spellcasting
 + Level 3.3 Transmutations


You had 3 spell levels left.
You knew the following spells:

 Your Spells              Type           Power      Damage    Failure   Level
a - Beastly Appendage     Tmut           18%        N/A       7%          1

Your spell library contained the following spells:

 Spells                   Type           Power      Damage    Failure   Level
 Wereblood                Tmut           9%         N/A       11%         2
 Spider Form              Tmut/Pois      2%         N/A       38%         3
 Ice Form                 Ice/Tmut       5%         N/A       80%         4


Dungeon Overview and Level Annotations

Branches:
Dungeon (1/15)

Altars:


Innate Abilities, Weirdness & Mutations

You have temporarily grown beastly horns.
You are quick and stealthy near water. (Stealth+, EV+, Speed+++)
Your lower body shifts to a powerful aquatic tail in water.


Message History

The bat hits you but does no damage.
There is an open door here.
You see here a hobgoblin corpse.
Your legs become a tail as you enter the water.
The bat hits you but does no damage.
The jackal bites the plant.
The plant begins to die.
Your horns disappear.
The bat hits you but does no damage.
You hit the bat but do no damage. The bat barely misses you.
The jackal bites the plant.
You miss the bat. The bat hits you but does no damage.
The jackal bites something.
The jackal splashes around in the water.
A nearby plant withers and dies.
The bat hits you but does no damage.
The jackal bites something.
The jackal splashes around in the water.
Something bites the plant.
The plant begins to die.
Something bites the plant.
The bat barely misses you.
You hit the bat but do no damage.
Your tail-slap misses the bat.
The bat hits you but does no damage. The bat misses you.
The bat hits you but does no damage.
You closely miss the bat.
A nearby plant withers and dies.
The jackal bites the plant.
The plant begins to die.
The bat misses you. The bat hits you.
* * * LOW HITPOINT WARNING * * *
Casting: Beastly Appendage (safe; 7% risk of failure)
Confirm with . or Enter, or press ? or * to list all spells.
You grow a pair of large bovine horns.
The bat closely misses you. The bat barely misses you.
You barely miss the bat.
Your tail-slap misses the bat.
The bat hits you but does no damage.
You closely miss the bat. You headbutt the bat, but do no damage.
The bat barely misses you. The bat misses you.
You hit the bat.
You kill the bat!
You barely miss the jackal.
Your transformation is almost over.
The jackal bites you.
You die...

##...# ########
...#.# .
#......##.##..#
..#......#..#....
................
........h...##.##
..)...[hr........
############†######
#≈@hhhr≈≈≈r≈.≈≈≈≈≈≈
#≈P♣♣.♣P♣..≈.≈♣P♣♣P
#≈PP♣.♣.♣♣P≈.≈PP♣P♣
#≈≈≈≈≈≈≈≈≈≈≈.≈≈≈≈≈≈
#≈≈≈≈≈≈≈≈≈.....≈≈≈≈
#≈.♣P♣♣♣P≈.###.≈♣PP
#≈♣♣♣♣♣P♣≈.#§#.≈P♣♣
#≈♣♣♣♣.PP≈.###.≈♣P.
#≈≈≈≈≈≈≈≈≈.....≈≈≈≈


You could see a quokka and 3 jackals.

Vanquished Creatures
  3 bats (D:1)
  A hobgoblin (D:1)
4 creatures vanquished.

Vanquished Creatures (others)
  3 plants (D:1)
3 creatures vanquished.

Grand Total: 7 creatures vanquished

Notes
Turn   | Place    | Note
-------+----------+-------------------------------------------
     0 | D:1      | Leeroy the Merfolk Transmuter began the quest for the Orb.
     0 | D:1      | Reached XP level 1. HP: 15/15 MP: 3/3
   123 | D:1      | Slain by a jackal

Illustrated notes

Levels and vault maps discovered:
D:1:      lightli_arrival_farm, layout_rooms

Skill      XL: |  1 |
---------------+----+-----
Transmutations | 3 |  3.3
Fighting       | |  1.1
Dodging        | |  2.6
Unarmed Combat | |  3.2
Spellcasting   | |  2.0

Action                   || total
-------------------------++-------
Melee: Unarmed           ||    35
       Headbutt          ||     3
 Cast: Beastly Appendage ||     2
Armor: Robe              ||    23
Dodge: Dodged            ||    53

Table legend: (Time is in decaauts)
 A = Elapsed time spent in this place.
 B = Non-inter-level travel time spent in this place.
 C = Inter-level travel time spent in this place.
 D = Time resting spent in this place.
 E = Time spent auto-exploring this place.
 F = Levels seen in this place.
 G = Mean time per level.
                   A        B        C        D        E       F      G
               +--------+--------+--------+--------+--------+-----+--------+
         Total |     99 |     99 |      0 |      0 |     49 |   1 |   99.0 |
       Dungeon |     99 |     99 |      0 |      0 |     49 |   1 |   99.0 |
               +--------+--------+--------+--------+--------+-----+--------+

Top non-repeatable levels by time:
     D:1: 99 daAuts
